 Dungeon Crawl Stone Soup version 0.30-a0-918-g0ff054e9dc (webtiles) character file.

Game seed: 7697170792125132549

156210 hikkokomori the Warrior (level 17, -19/130 HPs)
             Began as a Barachi Hunter on Mar 20, 2023.
             Was the Champion of Hepliaklqana.
             Killed from afar by a salamander tyrant (32 damage)
             ... with a flame surge
             ... on level 4 of the Snake Pit.
             The game lasted 01:35:10 (25707 turns).

hikkokomori the Warrior (Barachi Hunter)           Turns: 25707, Time: 01:35:11

Health: -19/130    AC: 32    Str: 20    XL:     17   Next: 66%
Magic:  0/26       EV: 17    Int:  9    God:    Hepliaklqana [******]
Gold:   12         SH:  0    Dex: 29    Spells: 5/28 levels left

rFire   . . .      SeeInvis +    h - +3 arbalest (freeze)
rCold   + + .      Faith    .    (shield currently unavailable)
rNeg    . . .      Spirit   +    R - +5 ice dragon scales
rPois   .          Reflect  .    t - +2 helmet
rElec   +          Rampage  .    A - +0 cloak
rCorr   .                        Z - +2 pair of gloves {Stlth+}
Will    +....                    D - +1 pair of boots of Qustaet {Str+3 Dex+2}
Stlth   +++++                    O - amulet of guardian spirit
HPRegen 0.41/turn                n - ring "Gimuon" {Dex+4 Slay+4}
MPRegen 0.20/turn                i - ring of Qysogio {Wiz rElec rF+ Str+3 SInv}

@: unable to hop, studying Armour, slow
A: reduced essence, amphibious, slowness 1, strong legs 2, +LOS
a: Hop, Renounce Religion, Recall Ancestor, Ancestor Identity, Transference,
Idealise


You were on level 4 of the Snake Pit.
You worshipped Hepliaklqana.
Hepliaklqana was exalted by your worship.
You visited 5 branches of the dungeon, and saw 27 of its levels.
You also visited: Sewer and Ice Cave.

You collected 3366 gold pieces.
You spent 3354 gold pieces at shops.

Inventory:

Hand Weapons
 f - a +2 antimagic longbow
 h - a +3 arbalest of freezing (weapon)
 K - the +5 mace "Daguy" {protect, +Blink rF+ Will++ Dex-2}
   (You found it on level 5 of the Dungeon)

   Dex:       It affects your dexterity (-2).
   rF:        It protects you from fire.
   +Blink:    It lets you blink.
   Will:      It greatly increases your willpower.
Missiles
 w - 4 throwing nets
 E - 5 atropa-tipped darts
Armour
 j - +5 steam dragon scales
 t - a +2 helmet (worn)
 A - a +0 cloak (worn)
 D - the +1 pair of boots of Qustaet (worn) {Str+3 Dex+2}
   (You bought it in a shop on level 1 of the Dungeon)

   Str:       It affects your strength (+3).
   Dex:       It affects your dexterity (+2).
 R - +5 ice dragon scales (worn)
 Z - a +2 pair of gloves of stealth (worn)
Jewellery
 c - a ring of flight
 g - the ring "Kaorhuec" {rN+ Will+ Int+2}
   (You found it in an ice cave)

   [ring of positive energy]

   Int:       It affects your intelligence (+2).
   rN:        It protects you from negative energy.
   Will:      It increases your willpower.
 i - the ring of Qysogio (right hand) {Wiz rElec rF+ Str+3 SInv}
   (You bought it in a shop on level 3 of the Snake Pit)

   [ring of wizardry]

   It improves your spell success rate.
   Str:       It affects your strength (+3).
   rF:        It protects you from fire.
   rElec:     It insulates you from electricity.
   SInv:      It lets you see invisible.
 k - a +5 ring of evasion
 n - the ring "Gimuon" (left hand) {Dex+4 Slay+4}
   (You bought it in a shop on level 2 of the Orcish Mines)

   [ring of slaying]

   Dex:       It affects your dexterity (+4).
   Slay:      It affects your accuracy & damage with ranged weapons and melee
   (+4).
 O - an amulet of guardian spirit (around neck)
 S - a ring of protection from cold
Wands
 q - a wand of mindburst (4)
 u - a wand of digging (17)
 H - a wand of charming (14)
 I - a wand of roots (29)
 Q - a wand of flame (41)
 U - a wand of polymorph (13)
 V - a wand of light (6)
Scrolls
 b - a scroll of immolation
 d - 4 scrolls of teleportation
 m - 3 scrolls of butterflies
 r - a scroll of blinking
 x - 3 scrolls of poison
 y - a scroll of fear
 z - 3 scrolls of brand weapon
 F - 7 scrolls of vulnerability
 G - 4 scrolls of silence
 L - 5 scrolls of fog
 T - 4 scrolls of magic mapping
Potions
 a - a potion of cancellation
 e - 11 potions of curing
 l - 6 potions of mutation
 o - 2 potions of magic
 p - 5 potions of heal wounds
 s - 5 potions of might
 B - 5 potions of attraction
 C - 2 potions of berserk rage
 J - 4 potions of ambrosia
 N - a potion of invisibility
 P - 3 potions of haste
 W - a potion of brilliance
 Y - a potion of resistance
Miscellaneous
 v - a box of beasts (inert)
 M - a tin of tremorstones (inert)
 X - a phial of floods


   Skills:
 - Level 16.5 Fighting
 + Level 16.2 Ranged Weapons
 + Level 15.3 Armour
 - Level 8.4 Dodging
 - Level 10.1 Stealth
 - Level 6.3 Spellcasting
 - Level 3.9 Conjurations
 + Level 9.8 Necromancy
 - Level 7.4 Transmutations
 + Level 2.4 Ice Magic
 - Level 6.5 Invocations
 + Level 9.0 Evocations


You had 5 spell levels left.
You knew the following spells:

 Your Spells              Type           Power      Damage    Failure   Level
a - Animate Dead          Necr           20%        N/A       4%          4
b - Mephitic Cloud        Conj/Pois/Air  5%         N/A       34%         3
c - Wereblood             Tmut           16%        N/A       1%          2
d - Irradiate             Conj/Tmut      6%         3d13      45%         5
e - Simulacrum            Ice/Necr       6%         N/A       92%         6
f - Apportation           Tloc           4%         N/A       21%         1
g - Passwall              Tmut/Erth      7%         N/A       7%          2

Your spell library contained the following spells:

 Spells                   Type           Power      Damage    Failure   Level
 Beastly Appendage        Tmut           32%        N/A       1%          1
 Sublimation of Blood     Necr           20%        N/A       1%          2
 Cigotuvi's Dreadful Rot  Necr/Pois/Air  16%        N/A       9%          2
 Spider Form              Tmut/Pois      9%         N/A       14%         3
 Hailstorm                Conj/Ice       8%         3d4       16%         3
 Ensorcelled Hibernation  Hex/Ice        10%        N/A       19%         2
 Summon Small Mammal      Summ           8%         N/A       21%         1
 Ignite Poison            Fire/Tmut/Pois 7%         N/A       22%         3
 Ice Form                 Ice/Tmut       11%        N/A       26%         4
 Lesser Beckoning         Tloc           4%         N/A       32%         2
 Poisonous Vapours        Pois/Air       4%         N/A       32%         2
 Petrify                  Tmut/Erth      9%         N/A       41%         4
 Call Canine Familiar     Summ           2%         N/A       52%         3
 Gell's Gravitas          Tloc           2%         N/A       52%         3
 Inner Flame              Hex/Fire       2%         N/A       52%         3
 Summon Guardian Golem    Hex/Summ       2%         N/A       52%         3
 Swiftness                Air            2%         N/A       52%         3
 Teleport Other           Tloc           2%         N/A       52%         3
 Flame Wave               Conj/Fire      6%         2d5       65%         4
 Sticky Flame             Conj/Fire      6%         2d3       65%         4
 Alistair's Intoxication  Tmut/Pois      6%         N/A       75%         5
 Passage of Golubria      Tloc           2%         N/A       88%         4
 Silence                  Hex/Air        1%         N/A       99%         5
 Summon Forest            Summ/Tloc      1%         N/A       99%         5
 Eringya's Noxious Bog    Tmut/Pois      4%         N/A       99%         6
 Conjure Ball Lightning   Conj/Air       3%         3x3d6     100%        6
 Haunt                    Necr/Summ      5%         N/A       100%        7
 Summon Hydra             Summ           1%         N/A       100%        7
 Discord                  Hex            1%         N/A       100%        8
 Disjunction              Tloc           1%         N/A       100%        8
 Ignition                 Fire           1%         3d3       100%        8
 Infestation              Necr           10%        N/A       100%        8
 Lehudib's Crystal Spear  Conj/Erth      3%         10d2      100%        8


Dungeon Overview and Level Annotations

Branches:
Dungeon (15/15)            Temple (1/1) D:5            Lair (5/5) D:8
  Swamp (0/4) Lair:2        Snake (4/4) Lair:3        Slime (0/5) Lair:5
    Orc (2/2) D:9             Elf (0/3) Orc:2        Vaults (0/5) D:13
 Depths (0/4) D:15          Sewer (visited)           IceCv (visited)

Altars:
Ashenzari
Cheibriados
Dithmenos
Elyvilon
Fedhas
Gozag
Hepliaklqana
Kikubaaqudgha
Makhleb
Nemelex Xobeh
Okawaru
Qazlal
Ru
Sif Muna
Trog
Uskayaw
Vehumet
Wu Jian
Xom
Yredelemnul
Zin
The Shining One
Jiyva

Shops:
D:1 *[*[   D:11 **   Orc:2 [*(=   Snake:3 !*=   Snake:4 (

Annotations:
D:2 1 runed translucent door, Crazy Yiuf
D:6 2 runed translucent doors, FexLirch's ghost, novice TrFi
D:15 2 transporters, Guh Rysug's ghost, journeyman DsGl
Lair:1 2 runed translucent doors, billz999's ghost, journeyman GnHu
Lair:5 2 runed translucent doors, Juicyj's ghost, journeyman MiGl


Innate Abilities, Weirdness & Mutations

Your life essence is reduced to manifest your ancestor. (-10% HP)
You are amphibious.
You cover ground slowly.
You can hop long distances.
You have an extended range of vision and can be seen from far away.


Message History

Your mature stingox beast tramples the naga sharpshooter!
The naga sharpshooter holds its ground!
The naga sharpshooter dies!
What are your orders? t - Croak!
Orders for allies: a - Attack new target. r - Retreat! s - Stop attacking. g - Guard the area. f - Follow me.
Anything else - Cancel.
Gang up on whom?
Press: ? - help, Dir - move target, f - naga mage
Aim: a naga mage, wielding a +0 flail (fast, ally target) Attack!
Your mature stingox beast hits the naga mage.
Your mature stingox beast stings the naga mage.
Your mature stingox beast tramples the naga mage!
The naga mage holds its ground!
The naga mage spits poison at you.
The splash of poison hits your mature stingox beast.
Your mature stingox beast completely resists.
Okay, then.
Hop to where?
Press: ? - help, Dir - move target A naga sharpshooter and a salamander tyrant come into view.
Boing!
The salamander tyrant rends the earth beneath you!
The blast of magma engulfs you!
* * * LOW HITPOINT WARNING * * *
The naga sharpshooter shouts!
As you read the scroll of fog, it crumbles to dust.
The scroll dissolves into smoke.
The naga sharpshooter unwields a +0 halberd.
The naga sharpshooter wields a +0 shortbow.
The naga sharpshooter casts a spell.
The naga sharpshooter magically shoots an arrow.
The arrow hits you!
* * * LOW HITPOINT WARNING * * *
The salamander tyrant calls gouts of flame from the lava!
The flame surge hits you!!!
You die...

........# ##..## ..^.....# ###
### ##....## ........#
##.#####.# #......##
........###).......###.......##
............N.................#
.............).....)..........##
..................§...N........#
......#........§§§§............#
.....######....§@§.............#
.....# ##.#.§###............#
#....# ###.).##............#
##..## #.#)###............# #.##
#.#.#.#..........### ###
.##)##............##
..#...##...#####....# #
########°###########....# .
......#...#....HNN##...##


You could see a naga sharpshooter and a salamander tyrant.

Vanquished Creatures
  Rupert (Orc:2)
  Frances (Snake:2)
  Donald (Snake:2)
  Louise (D:14)
  Aizul (Snake:2)
  A quicksilver ooze (shapeshifter) (D:12)
  An angel (D:15)
  An ettin (D:12)
  A fire dragon (Lair:5)
  6 hydras
  4 centaur warriors
  9 anacondas
  2 alligator snapping turtles (Snake:4)
  A dancing weapon (D:11)
  An ogre mage (D:15)
  An alligator (Snake:4)
  5 death yaks
  3 boulder beetles
  12 naga warriors
  4 two-headed ogres
  3 orc high priests (Orc:2)
  The ghost of pokeman the Eclecticist, a journeyman DEHW of Vehumet (D:11)
  2 tengu warriors
  9 naga sharpshooters
  A shock serpent (Snake:4)
  Sonja (Orc:2)
  A skyshark (shapeshifter) (D:13)
  Amaemon (Lair:3)
  A goliath frog (Snake:4)
  2 sea snakes (Snake:4)
  2 naga ritualists (Snake:4)
  A wizard (D:15)
  2 lindwurms (Lair:5)
  A swamp dragon (Lair:5)
  A necromancer (IceCv)
  2 deep elf pyromancers
  3 ugly things
  2 orc knights
  3 mana vipers
  6 orc sorcerers
  2 manticores
  6 salamanders
  3 cyclopes
  Maurice (D:9)
  12 naga magi
  2 ice statues
  4 guardian serpents
  An eye of devastation (Lair:5)
  22 black mambas
  4 torpor snails (Lair:5)
  An orange demon (Lair:3)
  2 rime drakes
  7 cane toads
  An efreet (D:15)
  6 komodo dragons
  3 freezing wraiths
  4 unseen horrors
  A tengu conjurer (D:14)
  9 ice devils (IceCv)
  A komodo dragon (shapeshifter) (D:13)
  3 anaconda simulacra (IceCv)
  4 tyrant leeches
  2 polar bears
  6 trolls
  8 blink frogs
  A snapping turtle (Snake:4)
  9 hornets
  7 dream sheep
  2 shadows
  8 wraiths
  A centaur simulacrum (D:12)
  2 wyverns
  16 yaks
  A basilisk (Lair:5)
  A hog (Snake:2)
  2 steam dragons
  3 death yak simulacra (IceCv)
  9 vampire mosquitoes
  A swamp worm (Lair:2)
  2 wargs (D:8)
  37 nagas
  2 hydra simulacra (IceCv)
  3 naga zombies (Snake:4)
  5 acid dragons
  A harpy simulacrum (IceCv)
  6 water moccasins
  A floating eye (Lair:5)
  Pargi (Sewer)
  2 swamp drakes (Lair:5)
  7 ice beasts
  13 orc warriors
  A sky beast (D:8)
  4 black bears
  4 ogres
  5 centaurs
  13 wolves (Lair:5)
  4 kobold brigands
  2 phantoms
  A gnoll sergeant (D:11)
  4 necrophages (Lair:2)
  3 cane toad simulacra (IceCv)
  4 scorpions
  8 bullfrogs
  6 wights
  A two-headed ogre simulacrum (IceCv)
  5 killer bees (D:8)
  3 elephant simulacra (IceCv)
  5 howler monkeys
  4 electric eels
  2 jellies
  2 hounds (D:5)
  6 orc priests
  10 iguanas
  20 orc wizards
  Natasha (thrice) (D:4)
  A spriggan simulacrum (IceCv)
  A troll simulacrum (IceCv)
  2 polar bear simulacra (IceCv)
  5 wolf simulacra (IceCv)
  A naga simulacrum (IceCv)
  12 adders
  15 gnolls
  5 white imps
  A worm (D:2)
  A dart slug (D:1)
  50 orcs
  8 endoplasms
  3 giant cockroaches
  7 goblins
  2 hobgoblins (D:2)
  4 jackals (D:1)
  8 quokkas
  9 ball pythons
  4 bats
  7 frilled lizards
  12 kobolds
  5 rats
643 creatures vanquished.

Vanquished Creatures (collateral kills)
  Jorgrun (D:12)
  Kirke (Snake:2)
  An orc warlord (Orc:2)
  Josephine (Lair:3)
  A salamander tyrant (Snake:4)
  A hydra (Lair:5)
  2 anacondas
  A boulder beetle (D:15)
  An alligator snapping turtle (Snake:4)
  4 two-headed ogres
  An alligator (Snake:4)
  A death yak (Lair:5)
  The ghost of jasper the Cleaver, a novice DsWn of Qazlal (D:10)
  4 naga warriors
  3 orc high priests (Orc:2)
  3 shock serpents
  3 naga sharpshooters
  A skyshark (Lair:5)
  A goliath frog (Snake:4)
  2 naga ritualists
  A lindwurm (Lair:5)
  An orc knight (Orc:2)
  A necromancer (D:15)
  2 deep elf pyromancers
  A mana viper (Snake:3)
  3 orc sorcerers (Orc:2)
  A cyclops (Orc:2)
  3 salamanders (Snake:4)
  6 black mambas
  5 naga magi
  2 torpor snails
  3 guardian serpents
  An unseen horror (D:12)
  3 cane toads (Lair:5)
  3 komodo dragons
  3 centaur skeletons (D:15)
  A freezing wraith (IceCv)
  3 ice devils
  A troll (Orc:1)
  2 hornets
  3 polar bears
  4 dream sheep (Lair:5)
  3 blink frogs (Lair:1)
  A snapping turtle (Snake:4)
  A blink frog (shapeshifter) (D:13)
  A shadow (D:13)
  A dire elephant simulacrum (IceCv)
  A hog (Snake:2)
  2 wraiths
  A basilisk (Lair:5)
  2 yaks
  A vampire mosquito (D:13)
  3 steam dragons
  2 nagas (Snake:3)
  A warg (D:8)
  2 water moccasins
  A hydra simulacrum (IceCv)
  11 orc warriors
  3 ice beasts
  A sky beast (D:7)
  4 wolves (Lair:5)
  4 bullfrogs
  A scorpion (D:6)
  A necrophage (Lair:2)
  4 killer bees (D:8)
  3 orc priests
  A sleepcap (D:6)
  6 orc wizards
  An iguana (Lair:5)
  2 polar bear simulacra (IceCv)
  2 wolf simulacra (IceCv)
  A gnoll (D:6)
  A shadow imp (D:6)
  An ufetubus (D:6)
  12 orcs
  4 kobolds (D:8)
173 creatures vanquished.

Vanquished Creatures (others)
  A black mamba (Snake:4)
  A naga mage (Snake:4)
  A mana viper zombie (Snake:3)
  2 trolls (Orc:2)
  2 black mamba zombies (Snake:4)
  A warg (Orc:2)
  2 orc warriors (Orc:2)
  3 salamander zombies (Snake:4)
  An orc priest (D:12)
  31 battlemagi
  An orc wizard (Orc:2)
  12 naga zombies (Snake:4)
  An ancestor (D:6)
  An orc (Orc:2)
  32 fungi
  37 plants
129 creatures vanquished.

Grand Total: 945 creatures vanquished

Notes
Turn   | Place    | Note
-------+----------+-------------------------------------------
     0 | D:1      | hikkokomori the Barachi Hunter began the quest for the Orb.
     0 | D:1      | Reached XP level 1. HP: 17/17 MP: 1/1
    51 | D:1      | Reached skill level 1 in Stealth
    98 | D:1      | Reached XP level 2. HP: 23/23 MP: 2/2
    99 | D:1      | Found Ludoere's Assorted Antiques.
   266 | D:1      | Found Xoukihij's Assorted Antiques.
   328 | D:1      | Reached XP level 3. HP: 29/29 MP: 3/3
   478 | D:1      | Found Wanapu's Armour Shoppe.
   565 | D:1      | Found Jecsou's Armour Shop.
   831 | D:2      | Reached XP level 4. HP: 35/35 MP: 4/4
  1029 | D:2      | Found a runed translucent door.
  1030 | D:2      | Noticed Crazy Yiuf
  1401 | D:3      | Reached XP level 5. HP: 24/42 MP: 5/5
  1539 | D:3      | Identified a scroll of acquirement
  1539 | D:3      | Acquired a +0 arbalest of freezing
  1680 | D:3      | Found a glowing drain.
  1709 | Sewer    | Entered a sewer
  1731 | Sewer    | Noticed Pargi
  1743 | Sewer    | Killed Pargi
  1744 | Sewer    | Reached skill level 5 in Ranged Weapons
  1744 | Sewer    | Reached XP level 6. HP: 33/49 MP: 6/6
  2364 | D:4      | Noticed a steam dragon
  2499 | D:4      | Reached skill level 5 in Fighting
  2592 | D:4      | Killed a steam dragon
  2593 | D:4      | Reached XP level 7. HP: 10/56 MP: 7/7
  3160 | D:4      | Noticed Natasha
  3236 | D:4      | Killed Natasha
  3256 | D:4      | Noticed Natasha
  3259 | D:4      | Killed Natasha
  3275 | D:4      | Found a snail-covered altar of Cheibriados.
  3478 | D:4      | Noticed Natasha
  3479 | D:4      | Killed Natasha
  3626 | D:1      | Bought a pair of steaming boots for 218 gold pieces
  3626 | D:1      | Identified the +1 pair of boots of Qustaet {Str+3 Dex+2}
                  | (You bought it in a shop on level 1 of the Dungeon)
  3721 | D:5      | Entered Level 5 of the Dungeon
  3751 | D:5      | Found a staircase to the Ecumenical Temple.
  3759 | Temple   | Entered the Ecumenical Temple
  3863 | Temple   | Became a worshipper of Hepliaklqana the Forgotten
  4058 | D:5      | Reached skill level 5 in Stealth
  4058 | D:5      | Reached XP level 8. HP: 65/65 MP: 8/8
  4256 | D:5      | Found an iron altar of Okawaru.
  4270 | D:5      | Identified the +5 mace "Daguy" {protect, +Blink rF+ Will++
                  | Dex-2}
  4544 | D:5      | Reached * piety under Hepliaklqana
  4824 | D:6      | Found a runed translucent door.
  4826 | D:6      | Noticed FexLirch's ghost (novice TrFi)
  4889 | D:6      | Found a sparkling altar of Nemelex Xobeh.
  5170 | D:6      | Found a runed translucent door.
  5279 | D:6      | Reached XP level 9. HP: 66/66 MP: 9/9
  5985 | D:7      | Reached XP level 10. HP: 75/76 MP: 8/10
  6077 | D:7      | Found a shadowy altar of Dithmenos.
  6148 | D:7      | Reached ** piety under Hepliaklqana
  6149 | D:7      | Remembered your ancestor Octavius as a battlemage
  6217 | D:7      | Reached skill level 10 in Fighting
  6909 | D:8      | Reached skill level 1 in Evocations
  6989 | D:8      | Found a staircase to the Lair.
  7019 | D:8      | Reached skill level 10 in Ranged Weapons
  7264 | D:9      | Noticed Maurice
  7266 | D:9      | Killed Maurice
  7279 | D:9      | Reached XP level 11. HP: 83/83 MP: 11/11
  7536 | D:9      | Found a hide-covered altar of Uskayaw.
  7594 | D:9      | Reached skill level 1 in Armour
  7683 | D:9      | Found a staircase to the Orcish Mines.
  7837 | D:9      | Reached *** piety under Hepliaklqana
  8297 | Lair:1   | Entered Level 1 of the Lair of Beasts
  8307 | Lair:1   | Noticed a death yak
  8417 | D:8      | Killed a death yak
  8580 | Lair:1   | Found a large runed translucent door.
  8580 | Lair:1   | Found a large runed translucent door.
  8584 | Lair:1   | Noticed billz999's ghost (journeyman GnHu)
  9269 | Lair:2   | Reached skill level 5 in Evocations
  9520 | Lair:2   | Reached **** piety under Hepliaklqana
  9691 | Lair:2   | Found a staircase to the Swamp.
  9699 | Lair:2   | Reached skill level 5 in Dodging
  9922 | Lair:3   | Reached XP level 12. HP: 92/92 MP: 12/12
 10014 | Lair:3   | Found the +7 Spriggan's Knife {stab, EV+4 Stlth+}
 10018 | Lair:3   | Noticed Amaemon
 10025 | Lair:3   | Killed Amaemon
 10026 | Lair:3   | Reached skill level 5 in Armour
 10225 | Lair:3   | Found a staircase to the Snake Pit.
 10228 | Lair:3   | Noticed Josephine
 10230 | Lair:3   | Killed Josephine
 10663 | Lair:3   | Acquired a manual of Armour
 11189 | Lair:4   | Noticed a seven-headed hydra
 11195 | Lair:4   | Killed a seven-headed hydra
 11362 | Lair:4   | Identified the amulet of Peace {Acrobat +Inv Dex-3 Stlth+}
 11374 | Lair:4   | Identified the +1 falchion of the Boiling Point {drain,
                  | *Noise rElec Int+4}
 11650 | Lair:4   | Reached ***** piety under Hepliaklqana
 11813 | Lair:5   | Entered Level 5 of the Lair of Beasts
 11887 | Lair:5   | Found a runed translucent door.
 11888 | Lair:5   | Noticed a fire dragon
 11924 | Lair:5   | Gained mutation: You can hop long distances. [Barachi
                  | growth]
 11924 | Lair:5   | Reached XP level 13. HP: 99/99 MP: 13/13
 12426 | Lair:5   | Reached skill level 10 in Armour
 12463 | Lair:5   | Learned a level 4 spell: Animate Dead
 12467 | Lair:5   | Learned a level 3 spell: Mephitic Cloud
 12535 | Lair:5   | Reached skill level 1 in Spellcasting
 12535 | Lair:5   | Reached skill level 1 in Necromancy
 12535 | Lair:5   | Reached skill level 1 in Invocations
 12785 | Lair:5   | Found a runed translucent door.
 12788 | Lair:5   | Noticed Juicyj's ghost (journeyman MiGl)
 12789 | Lair:5   | Identified the +5 spear of Grontol {protect, rF+ Str+3
                  | Int+3}
 12878 | Lair:5   | Found a staircase to the Slime Pits.
 12910 | Lair:5   | Found a viscous altar of Jiyva.
 13068 | Lair:5   | Reached XP level 14. HP: 108/108 MP: 18/18
 13811 | Orc:1    | Entered Level 1 of the Orcish Mines
 14017 | Orc:2    | Entered Level 2 of the Orcish Mines
 14017 | Orc:2    | Found a staircase to the Elven Halls.
 14044 | Orc:2    | Found Viys's Antique Weapon Boutique.
 14065 | Orc:2    | Found Olaipocw's General Store.
 14067 | Orc:2    | Found Lemiysu's Antique Armour Boutique.
 14067 | Orc:2    | Found a frozen archway.
 14067 | Orc:2    | Noticed an orc warlord
 14072 | IceCv    | Entered an ice cave
 14355 | IceCv    | Found an ancient bone altar of Kikubaaqudgha.
 15049 | IceCv    | Identified the ring "Kaorhuec" {rN+ Will+ Int+2}
 15165 | Orc:1    | Reached skill level 5 in Spellcasting
 15456 | Orc:2    | Noticed Rupert
 15456 | Orc:2    | Found Vohuulug's Jewellery Boutique.
 15466 | Orc:2    | Killed Rupert
 15466 | Orc:2    | Noticed Sonja
 15470 | Orc:2    | Killed Sonja
 15530 | Orc:2    | Reached skill level 5 in Necromancy
 15539 | Orc:2    | Reached skill level 5 in Invocations
 15582 | Orc:2    | Killed an orc warlord
 16258 | Orc:2    | Bought the ring "Gimuon" {Dex+4 Slay+4} for 934 gold pieces
 16277 | Orc:2    | Bought an amethyst-encrusted ring mail for 207 gold pieces
 16277 | Orc:2    | Identified the +3 ring mail of the Maze {Regen+ Int+5} (You
                  | bought it in a shop on level 2 of the Orcish Mines)
 16392 | D:10     | Entered Level 10 of the Dungeon
 16495 | D:10     | Found a runed translucent door.
 16500 | D:10     | Noticed jasper's ghost (novice DsWn)
 16722 | D:10     | Reached XP level 15. HP: 113/113 MP: 24/24
 16945 | D:10     | Killed jasper's ghost
 17021 | D:11     | Found Xiroteh's General Store.
 17023 | D:11     | Found Bykkap's Specific Store.
 17024 | D:11     | Identified the +11 glaive of Puskap {heavy, Will++ MP-9
                  | Int+2}
 17033 | D:11     | Bought a book of Changes for 270 gold pieces
 17036 | D:11     | Learned a level 2 spell: Wereblood
 17297 | D:11     | Found a runed translucent door.
 17297 | D:11     | Found a shimmering altar of Xom.
 17297 | D:11     | Noticed pokeman's ghost (journeyman DEHW)
 17305 | D:11     | Reached skill level 1 in Transmutations
 17469 | D:11     | Found a shimmering blue altar of Sif Muna.
 17631 | D:11     | Reached ****** piety under Hepliaklqana
 17756 | D:11     | Killed pokeman's ghost
 17838 | D:12     | Noticed Jorgrun
 17838 | D:12     | Found the +0 staff of Battle
 17844 | D:12     | Killed Jorgrun
 18153 | D:12     | Found a runed translucent door.
 18221 | D:12     | Reached skill level 10 in Stealth
 18258 | D:12     | Identified the +5 great mace "Irir" {flame, rF- MP+9 Dex+3
                  | SInv}
 18722 | D:13     | Found a gate to the Vaults.
 18779 | D:13     | Learned a level 5 spell: Irradiate
 19257 | D:14     | Found an ornate altar of the Wu Jian Council.
 19498 | D:14     | Reached skill level 15 in Fighting
 19566 | D:14     | Noticed Louise
 19597 | D:14     | Killed Louise
 19986 | D:15     | Entered Level 15 of the Dungeon
 20158 | D:15     | Reached skill level 5 in Transmutations
 20167 | D:15     | Reached XP level 16. HP: 53/122 MP: 12/25
 20356 | D:15     | Noticed Guh Rysug's ghost (journeyman DsGl)
 20396 | D:15     | Found a staircase to the Depths.
 20440 | D:15     | Found a transporter.
 20472 | D:15     | Found a transporter.
 20675 | D:15     | Found a glowing silver altar of Zin.
 21184 | D:1      | Bought +2 ice dragon scales for 864 gold pieces
 21498 | Snake:1  | Entered Level 1 of the Snake Pit
 21514 | Lair:3   | Reached skill level 15 in Ranged Weapons
 21951 | Snake:1  | Identified the +8 plate armour of Otweor {rF+ Slay+3}
 22600 | Snake:2  | Noticed Aizul
 22607 | Snake:2  | Killed Aizul
 22745 | Snake:2  | Found an opulent altar of Gozag.
 23171 | Snake:2  | Noticed Kirke
 23180 | Snake:2  | Killed Kirke
 23205 | Snake:2  | Noticed Donald
 23216 | Snake:2  | Killed Donald
 23268 | Snake:2  | Noticed Frances
 23276 | Snake:2  | Killed Frances
 23575 | Snake:2  | Upgraded the game from 0.30-a0-913-g9934a0ce24 to
                  | 0.30-a0-918-g0ff054e9dc
 24231 | Snake:3  | Reached XP level 17. HP: 130/130 MP: 24/26
 24399 | Snake:3  | Found Afenwiore's Distillery.
 24402 | Snake:3  | Found Sios's Assorted Antiques.
 24406 | Snake:3  | Found Ceirhad's Jewellery Shop.
 24494 | Snake:3  | Bought the ring of Qysogio {Wiz rElec rF+ Str+3 SInv} for
                  | 861 gold pieces
 24558 | Snake:4  | Entered Level 4 of the Snake Pit
 24580 | Snake:4  | Reached skill level 1 in Conjurations
 24703 | Snake:4  | Learned a level 6 spell: Simulacrum
 24705 | Snake:4  | Learned a level 1 spell: Apportation
 24708 | Snake:4  | Learned a level 2 spell: Passwall
 25344 | Snake:4  | Reached skill level 1 in Ice Magic
 25361 | Snake:4  | Reached skill level 15 in Armour
 25369 | Snake:4  | Found Vyoc's Antique Weapon Shop.
 25707 | Snake:4  | Killed from afar by a salamander tyrant

Illustrated notes

Levels and vault maps discovered:
D:1:      dpeg_arrival_concentric_ovals, layout_basic, serial_shops, shop,
          nicolae_shop_waterfront, shop, shop
D:2:      layout_rooms, uniq_crazy_yiuf_cottage
D:3:      wander_river, layout_basic, gup_sewer_entry_glass
D:4:      layout_loops_corners, mainiacjoe_overflow_boulevard, minivault_24,
          uniq_natasha
D:5:      layout_loops_cross, okawaru_ov_weapons_minmay,
          minmay_temple_entry_arrows, minmay_increasing_density
D:6:      kennysheep_windowed_halls, layout_basic, nemelex_dance_club_becter,
          ebering_ghost_sewer_f, water_maze_lemuel
D:7:      minmay_flawed_box, layout_basic,
          nicolae_dithmenos_through_a_glass_darkly
D:8:      layout_basic, erik_lair_orcish_takeover, kennysheep_small_circle
D:9:      layout_stronghold, mainiacjoe_overflow_chevrons, orc_0_dummy,
          uniq_maurice
D:10:     layout_small_grid, hellmonk_ghost_happy_afterlife, minmay_liquid_box,
          kennysheep_generic_room_10
D:11:     layout_irregular_city, ebering_ghost_xom, nicolae_specific_store,
          led_sif_pool
D:12:     layout_rooms, minmay_st_funbox, uniq_jorgrun
D:13:     layout_big_octagon, david_vaults_2
D:14:     layout_loops_ring, nzn_wu_jian_contemplation, uniq_louise
D:15:     grunt_enter_depths_magical_seal, layout_cave_pools,
          gammafunk_ghost_stat_death, zin_angel
Temple:   minmay_temple_bridge_d
Lair:1:   layout_loops_ring, ebering_ghost_disaster_area, hibernation_bobbens
Lair:2:   layout_roguey, minmay_swamp_entry_worms, roderic_carrion_pond,
          grunt_megastairs_2, serial_bayou_shore_b, serial_bayou_shore_a,
          infiniplex_staircase_pool
Lair:3:   layout_concentric_octagons, guppyfry_snake_entry_island, minmay_holes,
          infiniplex_staircase_pool_2, grunt_megastairs_4, lemuel_fruit_tree,
          uniq_josephine, uniq_amaemon
Lair:4:   layout_gridlike, ice2_lemuel
Lair:5:   wormcave, layout_loops_ring, guppyfry_lair_end_dragon,
          minmay_slime_entry_eyes, ebering_ghost_funeral_grove
Snake:1:  layout_cave_shapes, nicolae_triple_integral
Snake:2:  layout_chambers, basic_altar, uniq_kirke, uniq_frances, uniq_aizul,
          uniq_donald
Snake:3:  layout_onion_interference, hangedman_snake_pattern,
          nicolae_snake_serpentine_bazaar
Snake:4:  snake_pit, layout_grid_shapes, serial_shops, shop, shop,
          nicolae_snake_herptile_family_reunion, minmay_shop_star, uniq_vashnia
Orc:1:    layout_caves, nicolae_orc_tapped_out
Orc:2:    grunt_orc_gardens, layout_caves, grunt_orc_garden, grunt_orc_garden,
          grunt_orc_garden, grunt_orc_garden, portal_ice_cave_entry_pillars_1,
          uniq_rupert, uniq_sonja

Skill      XL: |  1  2  3  4  5  6  7  8  9 10 11 12 13 14 15 16 17 |
---------------+----------------------------------------------------+-----
Stealth        | 1 2 3 4 5 6 8 9 10 | 10.1
Fighting       | 3 4 5 6 8 9 11 12 13 14 15 16 | 16.5
Ranged Weapons | 5 6 7 9 10 11 12 13 14 15 16 | 16.2
Evocations     | 2 5 7 8 9 |  9.0
Armour         | 4 8 10 13 15 | 15.3
Dodging        | 5 7 8 |  8.4
Spellcasting   | 3 6 |  6.3
Necromancy     | 2 5 7 8 9 |  9.8
Invocations    | 2 5 6 |  6.5
Transmutations | 5 7 |  7.4
Conjurations   | 3 |  3.9
Ice Magic      | 2 |  2.4

Action                     |  1- 3 |  4- 6 |  7- 9 | 10-12 | 13-15 | 16-18 || total
---------------------------+-------+-------+-------+-------+-------+-------++-------
   Fire: Shortbow          |    85 |    51 |       |       |       |       ||   136
         Arbalest          |       |    68 |   173 |   419 |   760 |   404 ||  1824
  Throw: Throwing net      |       |     1 |       |       |       |       ||     1
   Cast: Wereblood         |       |       |       |       |     1 |     5 ||     6
         Animate Dead      |       |       |       |       |       |     8 ||     8
         Irradiate         |       |       |       |       |       |     1 ||     1
 Invoke: Ancestor Life: Ba |       |       |       |     1 |       |       ||     1
         Recall Ancestor   |       |       |       |       |     1 |       ||     1
Ability: Hop               |     1 |     1 |       |     3 |     5 |     3 ||    13
  Evoke: Wand              |       |       |       |     1 |    20 |     8 ||    29
         Phial of floods   |       |       |       |       |     1 |       ||     1
         Tin of tremorston |       |       |       |       |       |     4 ||     4
         Box of beasts     |       |       |       |       |       |     2 ||     2
    Use: Scroll            |       |    12 |       |    17 |    20 |    11 ||    60
         Potion            |       |     2 |       |       |     2 |    11 ||    15
 Armour: Leather armour    |    14 |    21 |       |       |       |       ||    35
         Skin              |       |     1 |       |       |       |       ||     1
         Steam dragon scal |       |       |    25 |    51 |   124 |    11 ||   211
         Ice dragon scales |       |       |       |       |       |    90 ||    90
  Dodge: Dodged            |    26 |    88 |    64 |   224 |   386 |   174 ||   962

Table legend: (Time is in decaauts)
 A = Elapsed time spent in this place.
 B = Non-inter-level travel time spent in this place.
 C = Inter-level travel time spent in this place.
 D = Time resting spent in this place.
 E = Time spent auto-exploring this place.
 F = Levels seen in this place.
 G = Mean time per level.
                   A        B        C        D        E       F      G
               +--------+--------+--------+--------+--------+-----+--------+
         Total |  29851 |  27592 |   2259 |   2828 |  18623 |  29 | 1029.3 |
       Dungeon |  15455 |  13741 |   1714 |    832 |  10234 |  15 | 1030.3 |
        Temple |    279 |    227 |     52 |      0 |    218 |   1 |  279.0 |
          Lair |   6364 |   6104 |    260 |    708 |   4178 |   5 | 1272.8 |
     Snake Pit |   4531 |   4434 |     97 |    890 |   2483 |   4 | 1132.8 |
  Orcish Mines |   1668 |   1534 |    134 |    104 |    972 |   2 |  834.0 |
         Sewer |    323 |    323 |      0 |      0 |    236 |   1 |  323.0 |
      Ice Cave |   1229 |   1229 |      0 |    294 |    299 |   1 | 1229.0 |
               +--------+--------+--------+--------+--------+-----+--------+

Top non-repeatable levels by time:
  Lair:5: 2191 daAuts
  Lair:3: 1648 daAuts
     D:3: 1400 daAuts
     D:6: 1376 daAuts
     D:4: 1331 daAuts
 Snake:2: 1330 daAuts
     D:9: 1323 daAuts
    D:11: 1321 daAuts
 Snake:4: 1265 daAuts
     D:8: 1235 daAuts
   IceCv: 1229 daAuts
 Snake:3: 1102 daAuts
     D:5: 1087 daAuts
   Orc:2: 1007 daAuts
    D:14: 975 daAuts
